AoeStats
← Yorshka

Arabia

508838127Analyzed
1v1 RM · 8d ago on Sep 24, 2026· 24m 0s· 2 players
Game mode
Random Map
Map size
Tiny (2 player)
Population
200
Speed
Normal
Resources
Standard
Victory
Conquest
Starting age
Dark Age
Ending age
Imperial Age
RankedLock teamsTeams togetherTeam positionsShared explorationLock speedFull tech treeHidden civsTurbo modeCheats
Victory
Defeat
🇫🇷 Inca · France
2096
+12
🇨🇳 Varangians · China
2005
-12
Yorshka
6:49 Loom
9:07 Feudal Age
10:40 Double-Bit Axe
15:22 Bloodlines
18:58 Fletching
22:44 Horse Collar
Uzikoti l'éthéré
6:06 Loom
8:55 Feudal Age
9:21 Champi Runner
15:18 Fletching
18:31 Wheelbarrow
17:58 Arson
20:13 Scale Mail Armor
22:03 Forging
25:42 Castle Age
Connection lost

Rejoining the realm…

Still unreachable

The connection could not be restored.

Session expired

The server has moved on; the page needs a fresh start.